AoeStats
← sky_wu

Arena

510456722Analyzed
4v4 RM · 22h ago on Oct 1, 2026· 39m 45s· 8 players
Game mode
Random Map
Map size
Large (8 player)
Population
200
Speed
Normal
Resources
Standard
Victory
Conquest
Starting age
Dark Age
Ending age
Imperial Age
RankedLock teamsTeams togetherTeam positionsShared explorationLock speedFull tech treeHidden civsTurbo modeCheats
Victory
Defeat
🇦🇷 Turks · Argentina
1163
+13
🇦🇷 Lithuanians · Argentina
1129
+14
🇦🇷 Romans · Argentina
1111
+15
🇦🇷 Goths · Argentina
1073
+15
🇧🇷 Teutons · Brazil
1102
-15
🇹🇼 Bengalis · Taiwan
1099
-15
🇮🇳 Poles · India
1096
-15
🇺🇸 Tupi · United States
1035
-12
Lifehack
11:32 Feudal Age
15:33 Castle Age
13:29 Double-Bit Axe
14:30 Horse Collar
21:20 Loom
22:43 Bow Saw
24:44 Wheelbarrow
26:25 Heavy Plow
27:10 Hand Cart
27:42 Crossbowman
28:59 Gold Mining
32:17 Imperial Age
29:57 Thumb Ring
29:46 Fletching
29:56 Padded Archer Armor
34:12 Fortified Wall
34:13 Masonry
33:43 Arbalester
34:50 Ballistics
35:32 Chemistry
34:29 Bodkin Arrow
34:50 Leather Archer Armor
34:48 Stone Mining
36:05 Conscription
36:30 Siege Engineers
Six
10:07 Feudal Age
10:33 Double-Bit Axe
16:50 Castle Age
19:12 Horse Collar
21:42 Bow Saw
22:01 Loom
23:45 Gold Mining
23:58 Heavy Plow
27:06 Forging
26:56 Scale Mail Armor
26:19 Man-at-Arms
26:59 Squires
26:45 Arson
29:53 Imperial Age
28:51 Iron Casting
27:41 Long Swordsman
28:06 Gambesons
29:43 Chain Mail Armor
30:50 Two-Handed Swordsman
32:33 Blast Furnace
32:04 Plate Mail Armor
32:13 Crop Rotation
32:47 Two-Man Saw
32:23 Champion
32:28 Capped Ram
Komfy Kaiju
11:08 Feudal Age
13:00 Loom
16:02 Castle Age
14:57 Double-Bit Axe
14:53 Horse Collar
21:11 Bow Saw
22:01 Wheelbarrow
23:16 Hand Cart
23:30 Heavy Plow
27:12 Fletching
27:23 Padded Archer Armor
27:53 Pikeman
28:34 Squires
38:27 Stone Mining
sky_wu
0:52 Loom
10:40 Feudal Age
16:27 Castle Age
14:41 Double-Bit Axe
15:10 Horse Collar
22:00 Heavy Plow
22:11 Bow Saw
24:56 Gold Mining
28:15 Imperial Age
28:15 Gold Shaft Mining
27:30 Stone Mining
Dekaryn
12:15 Feudal Age
17:35 Castle Age
22:28 Imperial Age
19:57 Double-Bit Axe
20:11 Gold Mining
20:28 Padded Archer Armor
Griffing
0:41 Loom
13:29 Feudal Age
20:57 Castle Age
19:53 Double-Bit Axe
19:54 Horse Collar
20:09 Gold Mining
20:10 Stone Mining
24:18 Bow Saw
24:48 Stone Shaft Mining
24:18 Heavy Plow
32:06 Wheelbarrow
31:21 Town Watch
34:58 Fletching
35:08 Padded Archer Armor
35:14 Scale Barding Armor
35:10 Scale Mail Armor
35:20 Forging
34:55 Treadmill Crane
38:58 Imperial Age
39:04 Imperial Age
40:51 Imperial Age
39:28 Hand Cart
El.Profesor
0:28 Loom
12:40 Feudal Age
16:37 Castle Age
14:35 Double-Bit Axe
14:35 Horse Collar
16:36 Gold Mining
16:39 Stone Mining
17:40 Bow Saw
17:19 Town Watch
18:10 Wheelbarrow
24:08 Heavy Plow
25:30 Gold Shaft Mining
26:27 Hand Cart
27:57 Ballistas
31:18 Imperial Age
29:48 Forging
29:43 Scale Barding Armor
32:31 Iron Casting
32:18 Chain Barding Armor
32:01 Elite Centurion
33:04 Conscription
34:04 Chemistry
33:47 Bloodlines
33:37 Husbandry
33:07 Heavy Scorpion
36:34 Plate Barding Armor
37:00 Blast Furnace
38:57 Siege Engineers
Pablo
11:32 Feudal Age
13:12 Double-Bit Axe
15:38 Castle Age
13:52 Gold Mining
13:43 Horse Collar
15:58 Bloodlines
20:05 Scale Barding Armor
22:59 Forging
26:49 Wheelbarrow
26:00 Loom
27:24 Iron Casting
28:59 Heavy Plow
33:34 Imperial Age
31:37 Chain Barding Armor
32:37 Hand Cart
33:59 Bow Saw
34:14 Husbandry
33:58 Cavalier
34:29 Town Watch
35:21 Plate Barding Armor
36:31 Paladin
38:07 Conscription
38:50 Scale Mail Armor
Connection lost

Rejoining the realm…

Still unreachable

The connection could not be restored.

Session expired

The server has moved on; the page needs a fresh start.